 BcadrenCrawl: Boulder Brew version 0.05.4-43-g330974c6de (webtiles) character file.

Game seed: 5312704736179256800, levelgen mode: deterministic

177 esc the Shooter (level 5, -1/31 HPs) Gargoyle Noble. Began on Feb 22, 2022. Slain by a crocodile (8 damage) ... on level 2 of the Dungeon. The game lasted 00:08:30 (1542 turns).

esc the Shooter (Gargoyle Noble)                    Turns: 1542, Time: 00:08:31

Health: -1/31      AC:  8    Str: 13    XL:     5 ^: 65
Magic:  8/8        EV: 11    Int: 11    God:
Gold:   101        SH:  0    Dex: 14    Spells: 8/8 levels left

rFire    . . .     Vision   +   d - +2 longbow
rCold    + + .     Gourm    +   (also wielding the above weapon)
rNeg     + . .     Faith    .   a - +0 robe
rCorr    . . .     Spirit   .   f - +0 hat {+Vis}
rPois    ∞         Reflect  .   e - +0 cloak {rPois}
rElec    +         Harm     .   c - +0 pair of gloves {archery}
MR       .....                  (no boots)
Stlth    +++.......             i - amulet of Beauty {Gourm rElec rC++}
HPRegen  0.20/turn              j - ring of stealth
MPRegen  0.18/turn              (no ring)

@: about to teleport
A: negative energy resistance 1, electricity resistance, unbreathing,
petrification resistance, rot immunity, AC +4
a: no special abilities


You were on level 2 of the Dungeon.
You were completely stuffed.

You visited 1 branch of the dungeon, and saw 2 of its levels.
You also visited: Market.

You collected 82 gold pieces.
You spent 981 gold pieces at shops.

Inventory:

Weapons
 d - a +2 longbow (weapon)
Armour
 a - a +0 robe (worn)
 c - a +0 pair of gloves of archery (worn)
 e - a +0 cloak of poison resistance (worn)
 f - a +0 hat of improved vision (worn)
Jewellery
 i - the amulet of Beauty (around neck) {Gourm rElec rC++}
   (You acquired it on level 1 of the Dungeon)

   [amulet of the gourmand]

   It allows you to eat raw meat even when not hungry.
   It greatly protects you from cold.
   It insulates you from electricity.
 j - a ring of stealth (left hand)
Scrolls
 g - a scroll of teleportation
 h - 2 scrolls of fog
 n - a scroll of magic mapping
Potions
 k - a potion of magic
 l - 2 potions of curing
 m - a potion of haste
Comestibles
 b - 5 rations
 o - 3 chunks of flesh


   Skills:
 - Level 2.3 Fighting
 + Level 3.6 Bows
 - Level 2.4 Stealth
 - Level 2.0 Spellcasting


You had 8 spell levels left.
You didn't know any spells.
Your spell library was empty.

Dungeon Overview and Level Annotations

Branches:
Dungeon (2/8)

Altars:


Innate Abilities, Weirdness & Mutations

You are resistant to torment.
Your stone body is resilient. (AC +4)
You are immune to poison.
You resist negative energy. (rN+)
You are resistant to electric shocks. (rElec)
You can survive without breathing.
You are immune to petrification.
You are immune to rotting.


Message History

The arrow punctures the goblin (7)!
You kill the goblin!
The crocodile bites you (4). The crocodile barely misses you (0).
Aiming:
d - a +2 longbow, Range: 1 (25%)
Press: ? - help, Shift-Dir - straight line, f/p - crocodile
Aim: a crocodile (91%, 92% to-hit, lightly wounded (24/27), 80% (Melee))
You shoot an arrow. The arrow pokes the crocodile (3).
The crocodile is moderately wounded. (21/27) HP The crocodile bites you (1).
Aiming:
d - a +2 longbow, Range: 1 (25%)
Press: ? - help, Shift-Dir - straight line, f/p - crocodile
Aim: a crocodile (91%, 92% to-hit, moderately wounded (21/27), 80% (Melee))
You shoot an arrow. The arrow pokes the crocodile (1).
The crocodile is moderately wounded. (20/27) HP The crocodile bites you (12)!
* * * LOW HITPOINT WARNING * * *
Okay, then.
As you read the scroll of teleportation, it crumbles to dust.
You feel strangely unstable. The crocodile bites you (8)!
You die... ############### .>.)..t@..≈≈≈≈≈ ###############

You could see a crocodile.

Vanquished Creatures
  A big kobold (D:2)
  2 giant cockroaches (D:1)
  Robin (D:1)
  A sewer rat (D:2)
  3 cinder newts
  A worm (D:2)
  A dart slug (D:1)
  4 leopard geckos
  An adder skeleton (D:2)
  7 goblins
  3 hobgoblins (D:1)
  2 bats (D:1)
  4 kobolds
  8 rats
  5 withered plants (D:2)
44 creatures vanquished.

Vanquished Creatures (others)
  A leopard gecko (D:2)
  3 kobolds (D:2)
  A giant blowfly (D:2)
  40 withered plants (D:2)
45 creatures vanquished.

Grand Total: 89 creatures vanquished

Notes
Turn   | Place    | Note
-------+----------+-------------------------------------------
     0 | Start Ma | esc the Gargoyle Noble began the quest for the Orb.
     0 | Start Ma | Reached XP level 1. HP: 12/12 MP: 2/2
     0 | Start Ma | Found Amaux's Auxillary Armour.
     8 | Start Ma | Bought a +0 pair of gloves of archery for 230 gold pieces
     8 | Start Ma | Found Vorhamm's Mashing MeleeMart.
    24 | Start Ma | Found Yweweuj's Expert Tomes.
    34 | Start Ma | Bought a +0 longbow for 180 gold pieces
    49 | Start Ma | Bought a +0 cloak of poison resistance for 255 gold pieces
    65 | Start Ma | Bought a +0 hat of improved vision for 220 gold pieces
    77 | Start Ma | Bought 2 scrolls of teleportation for 96 gold pieces
    83 | D:1      | esc set off with the following items: a +0 robe, a ration,
                  | a +0 pair of gloves of archery, a +0 longbow, a +0 cloak of
                  | poison resistance, a +0 hat of improved vision, 2 scrolls
                  | of teleportation
   109 | D:1      | Reached XP level 2. HP: 17/17 MP: 4/4
   151 | D:1      | Identified a scroll of acquirement
   155 | D:1      | Identified the amulet of Beauty {Gourm rElec rC++} (You
                  | acquired it on level 1 of the Dungeon)
   155 | D:1      | Identified the +1 cloak "Ruelewn" {Int+3} (You acquired it
                  | on level 1 of the Dungeon)
   256 | D:1      | Reached XP level 3. HP: 21/21 MP: 5/5
   659 | D:1      | Reached XP level 4. HP: 27/27 MP: 7/7
  1030 | D:2      | Noticed Robin
  1030 | D:2      | Noticed a crocodile
  1031 | D:2      | Reached skill level 1 in Bows
  1033 | D:2      | Noticed a crocodile
  1082 | D:1      | Killed Robin
  1334 | D:2      | Reached skill level 2 in Bows
  1359 | D:2      | Noticed a water moccasin
  1387 | D:2      | Noticed a big kobold
  1401 | D:2      | Killed a big kobold
  1401 | D:2      | Reached skill level 3 in Bows
  1401 | D:2      | Reached XP level 5. HP: 21/31 MP: 8/8
  1542 | D:2      | Slain by a crocodile

Levels and vault maps discovered:
D:1:      onia_arrival_larder, layout_basic
D:2:      layout_sewer, nicolae_overflow_hidden_temple, disused_pipe,
          chequers_ecumenical_altar_simple_redux, serial_shops, shop_statue,
          shop_fountains, nicolae_elemental_shop

Skill      XL: |  1  2  3  4 |
---------------+-------------+-----
Stealth        | 2 |  2.4
Fighting       | 2 |  2.3
Spellcasting   | 2 |  2.0
Bows           | 3 |  3.6

Action                   |  1- 3 |  4- 6 || total
-------------------------+-------+-------++-------
 Fire: Longbow           |    35 |    92 ||   127
  Use: Scroll            |     3 |     2 ||     5
  Eat: Chunk             |    17 |     4 ||    21
Armor: Robe              |     9 |    41 ||    50
Dodge: Dodged            |     6 |    26 ||    32
